 Dungeon Crawl Stone Soup version 0.27.0-1-g7a089689b8 (webtiles) character file.

Game seed: 14211527794304295026

213 HungrySpirit the Chopper (level 5, -1/46 HPs)
             Began as a Minotaur Gladiator on July 31, 2021.
             Was a Believer of Wu Jian.
             Slain by antigravityiii's ghost (2 damage)
             ... on level 3 of the Dungeon.
             The game lasted 00:03:01 (2942 turns).

HungrySpirit the Chopper (Minotaur Gladiator)       Turns: 2942, Time: 00:03:01

Health: -1/46      AC:  4    Str: 19      XL:     5   Next: 59%
Magic:  4/4        EV: 12    Int:  5      God:    Wu Jian [**....]
Gold:   103        SH:  3    Dex: 10 (12) Spells: 4/4 levels left

rFire    . . .     SeeInvis .   m - +2 hand axe (venom)
rCold    . . .     Faith    .   n - +0 buckler
rNeg     . . .     Spirit   .   b - +0 leather armour
rPois    .         Reflect  .   c - +0 hat
rElec    .         Harm     .   (no cloak)
rCorr    .         Rampage  .   h - +0 pair of gloves
Will     .....                  (no boots)
Stlth    +.........             (no amulet)
HPRegen  0.15/turn              (no ring)
MPRegen  0.09/turn              (no ring)

@: lethally poisoned (-1 -> -16)
A: horns 2, retaliatory headbutt
a: Renounce Religion, Wall Jump


You were on level 3 of the Dungeon.
You worshipped Wu Jian.
Wu Jian was pleased with you.
You visited 1 branch of the dungeon, and saw 3 of its levels.

You collected 103 gold pieces.

Inventory:

Hand Weapons
 a - a +0 war axe
 m - a +2 hand axe of venom (weapon)
Missiles
 k - 6 poisoned darts (quivered)
Armour
 b - a +0 leather armour (worn)
 c - a +0 hat (worn)
 h - a +0 pair of gloves (worn)
 n - a +0 buckler (worn)
Scrolls
 j - a scroll of identify {unknown}
 l - a scroll of magic mapping {unknown}
 o - a scroll of immolation {unknown}
Potions
 e - 3 potions of cancellation
 i - a potion of flight {unknown}
 p - a potion of mutation {unknown}


   Skills:
 + Level 3.7 Fighting
 * Level 5.6 Axes
 - Level 2.0 Throwing
 + Level 2.7 Armour
 - Level 4.0 Dodging
 + Level 1.3 Shields


You had 4 spell levels left.
You didn't know any spells.
Your spell library was empty.

Dungeon Overview and Level Annotations

Branches:
Dungeon (3/15)

Altars:
Ashenzari
Wu Jian

Annotations:
D:3 1 transporter, antigravityiii's ghost, amateur DjAE


Innate Abilities, Weirdness & Mutations

You have a pair of horns on your head.
You reflexively headbutt those who attack you in melee.


Message History

You feel better.
Antigravityiii's ghost closely misses you.
You feel better. Antigravityiii's ghost hits you.
Throw: 3 throwing nets
Press: ? - help, Q - select action, (/) - cycle Shift-Dir - straight line, f - antigravityiii's ghost
Aim: antigravityiii's ghost, wielding a weapon of venom (heavily damaged, covering ground quickly, 46% to hit, immune to nets)
You throw a throwing net.
The throwing net misses antigravityiii's ghost.
Antigravityiii's ghost hits you.
* * * LOW HITPOINT WARNING * * *
Throw: 2 throwing nets
Press: ? - help, Q - select action, (/) - cycle Shift-Dir - straight line, f/p - antigravityiii's ghost
Aim: antigravityiii's ghost, wielding a weapon of venom (heavily damaged, covering ground quickly, 46% to hit, immune to nets)
You throw a throwing net.
The throwing net hits antigravityiii's ghost.
The net passes right through antigravityiii's ghost!
Antigravityiii's ghost is heavily damaged.
Antigravityiii's ghost misses you. You furiously retaliate!
You headbutt antigravityiii's ghost!
Throw: throwing net
Press: ? - help, Q - select action, (/) - cycle Shift-Dir - straight line, f/p - antigravityiii's ghost
Aim: antigravityiii's ghost, wielding a weapon of venom (severely damaged, covering ground quickly, 46% to hit, immune to nets)
You throw a throwing net.
The throwing net barely misses antigravityiii's ghost.
Antigravityiii's ghost hits you.
* * * LOW HITPOINT WARNING * * *
You are poisoned.
You barely miss antigravityiii's ghost.
Antigravityiii's ghost is severely damaged.
* * * LOW HITPOINT WARNING * * *
You feel very sick. Antigravityiii's ghost hits you.
* * * LOW HITPOINT WARNING * * *
You are more poisoned.
You closely miss antigravityiii's ghost.
Antigravityiii's ghost is severely damaged.
* * * LOW HITPOINT WARNING * * *
You feel very sick. Antigravityiii's ghost hits you.
You die...

.. .. .###...........#
.. .. ##.#####.......# #
#. #. ......##......#
..#..#.##..#....##..####
...#.#.#...#...#..#
...#..#.##..##..#
#.##.#...#.#©..#
.#####..#(#.....##.##
.......©#(@W©#...#.#
######..#..#...#.#.#
#.##.....#.##.#
#.#..#.#...#..#
#.#..#.#...#.##
#.##?......#.#
#..###.©.###.#
##...#####...#
###.......###


You could see antigravityiii's ghost (swift).

Vanquished Creatures
  A quasit (D:3)
  An orc wizard (D:3)
  A howler monkey zombie (D:3)
  4 gnolls (D:3)
  2 adders (D:2)
  A worm (D:2)
  3 dart slugs
  4 orcs (D:3)
  4 ball pythons
  3 endoplasms
  3 giant cockroaches
  6 goblins
  7 hobgoblins
  6 jackals (D:1)
  8 kobolds
  2 quokkas
  5 bats
  A frilled lizard (D:2)
  4 rats
66 creatures vanquished.

Vanquished Creatures (others)
  A quasit (D:3)
1 creature vanquished.

Grand Total: 67 creatures vanquished

Notes
Turn   | Place    | Note
-------+----------+-------------------------------------------
     0 | D:1      | HungrySpirit the Minotaur Gladiator began the quest for the
                  | Orb.
     0 | D:1      | Reached XP level 1. HP: 18/18 MP: 0/0
   514 | D:1      | Reached XP level 2. HP: 25/25 MP: 1/1
   530 | D:1      | Reached skill level 4 in Axes
   978 | D:1      | Reached skill level 1 in Armour
  1176 | D:1      | Reached XP level 3. HP: 24/30 MP: 2/2
  1234 | D:1      | Found a faded altar of an unknown god.
  1414 | D:1      | Became a worshipper of the Wu Jian Council
  1414 | D:1      | Reached * piety under Wu Jian
  2111 | D:2      | Reached XP level 4. HP: 38/38 MP: 3/3
  2470 | D:3      | Reached skill level 5 in Axes
  2515 | D:3      | Found a broken altar of Ashenzari.
  2626 | D:3      | Reached ** piety under Wu Jian
  2671 | D:3      | Reached XP level 5. HP: 41/45 MP: 4/4
  2676 | D:3      | Reached skill level 1 in Shields
  2895 | D:3      | Found a transporter.
  2896 | D:3      | Noticed antigravityiii's ghost (amateur DjAE)
  2910 | D:3      | Found a transporter.
  2942 | D:3      | HP: 1/46 [poisoned by antigravityiii's ghost]
  2942 | D:3      | Slain by antigravityiii's ghost

Illustrated notes

Levels and vault maps discovered:
D:1:      minmay_arrival_four_loops, layout_basic,
          shapermc_ecumenical_altar_acropolis
D:2:      layout_basic, serial_rivers, chequers_serial_rivers_room_a,
          chequers_serial_rivers_room_a, chequers_serial_rivers_micro_c,
          chequers_serial_rivers_large_a, chequers_serial_rivers_marsh,
          minmay_misc_feat_tiny, minmay_misc_feat_enclosed,
          grunt_decor_one_mirror
D:3:      layout_rooms, lemuel_crystal_altar, nicolae_yredelemnul_corpse_copse,
          gammafunk_ghost_stat_death

Skill      XL: |  1  2  3  4  5 |
---------------+----------------+-----
Axes           | 4 5 |  5.6
Armour         | 1 2 |  2.7
Fighting       | 3 |  3.7
Dodging        | 4 |  4.0
Shields        | 1 |  1.3
Throwing       | |  2.0

Action                   |  1- 3 |  4- 6 || total
-------------------------+-------+-------++-------
Melee: War axe           |   111 |    11 ||   122
       Headbutt          |    16 |     3 ||    19
       Hand axe          |       |    31 ||    31
Throw: Throwing net      |       |     3 ||     3
Invok: Lunge             |     7 |     7 ||    14
       Whirlwind         |     1 |     2 ||     3
  Use: Potion            |       |     5 ||     5
       Scroll            |       |     1 ||     1
 Stab: Sleeping          |       |     1 ||     1
Armor: Leather armour    |    29 |    16 ||    45
Dodge: Dodged            |    78 |    34 ||   112
Block: Buckler           |       |     9 ||     9
